 Dungeon Crawl Stone Soup version 0.30-a0-919-g9323dee000 (webtiles) character file.

Game seed: 10441070516741164148

11987 Lavandula the Destroyer (level 11, -2/112 HPs)
             Began as a Demonspawn Fire Elementalist on Mar 21, 2023.
             Was a Believer of Dithmenos.
             Slain by an eight-headed hydra (3 damage)
             ... on level 2 of the Lair of Beasts.
             The game lasted 00:34:20 (12588 turns).

Lavandula the Destroyer (DsFE)                     Turns: 12588, Time: 00:34:21

Health: -2/112     AC: 25    Str:  9    XL:     11   Next: 56%
Magic:  13/22      EV:  2    Int: 21    God:    Dithmenos [**....]
Gold:   290        SH:  0    Dex: 13    Spells: 4/24 levels left

rFire   + . .      SeeInvis .    H - +2 spear (vamp)
rCold   x . .      Faith    .    (no shield)
rNeg    . . .      Spirit   .    a - melded +2 robe {rF+}
rPois   +          Reflect  .    (helmet currently unavailable)
rElec   .          Rampage  .    (cloak currently unavailable)
rCorr   .          NoTele   +    (gloves unavailable)
Will    +....                    B - melded +2 pair of boots
Stlth   ++                       (no amulet)
HPRegen 0.38/turn                C - ring of willpower
MPRegen 0.18/turn                w - ring of fire

@: tree-form (expiring), wreathed by umbra, studying Fighting
A: stationary, stasis, torment immunity, boosted hp, (claws 3), (icy blue scales
1), foul stench 2, (antennae 1)
a: Renounce Religion, Shadow Step


You were on level 2 of the Lair of Beasts.
You worshipped Dithmenos.
Dithmenos was pleased with you.
You were a tree.
You visited 3 branches of the dungeon, and saw 12 of its levels.

You collected 521 gold pieces.
You spent 231 gold pieces at shops.

Inventory:

Hand Weapons
 c - a +2 whip of freezing
 d - a +0 whip
 r - a +1 falchion of pain
 H - a +2 vampiric spear (weapon)
Missiles
 A - 2 throwing nets
Armour
 a - a +2 robe of fire resistance (melded)
 h - an orb of wrath
 m - a +0 helmet
 q - a +1 leather armour of fire resistance
 B - a +2 pair of boots (melded)
Magical Staves
 o - a staff of air
Jewellery
 w - a ring of fire (right branch)
 C - a ring of willpower (left branch)
 K - an amulet of guardian spirit
Wands
 j - a wand of charming (22)
 y - a wand of flame (35)
 E - a wand of polymorph (16)
 I - a wand of roots (1)
 J - a wand of mindburst (7)
Scrolls
 b - 2 scrolls of blinking
 f - a scroll of vulnerability
 g - a scroll of enchant armour
 i - 2 scrolls of fear {unknown}
 k - a scroll of torment {unknown}
 l - 2 scrolls of brand weapon {unknown}
 n - 2 scrolls of enchant weapon {unknown}
 p - a scroll of magic mapping {unknown}
 u - a scroll of amnesia {unknown}
 v - 3 scrolls of teleportation
 z - a scroll of silence
Potions
 t - 3 potions of might
 x - a potion of brilliance
 F - a potion of flight
 G - a potion of mutation


   Skills:
 - Level 3.0 Fighting
 - Level 4.0 Long Blades
 - Level 0.8 Maces & Flails
 + Level 2.4 Polearms
 - Level 1.7 Dodging
 - Level 1.7 Stealth
 - Level 7.4 Spellcasting
 - Level 13.8 Conjurations
 - Level 4.5 Fire Magic
 - Level 5.7 Evocations


You had 4 spell levels left.
You knew the following spells:

 Your Spells              Type           Power      Damage    Failure   Level
a - Foxfire               Conj/Fire      100%       2x1d9     1%          1
b - Scorch                Fire           80%        2d9       1%          2
c - Inner Flame           Hex/Fire       26%        N/A       10%         3
d - Flame Wave            Conj/Fire      63%        2d15      1%          4
e - Kindle Blastsparks    Fire/Tloc/Air  42%        2d13      14%         3
f - Orb of Destruction    Conj           30%        9d10      24%         7

Your spell library contained the following spells:

 Spells                   Type           Power      Damage    Failure   Level
 Sting                    Tmut/Pois      28%        1d4       9%          1
 Poisonous Vapours        Pois/Air       14%        N/A       13%         2
 Ozocubu's Armour         Ice            7%         N/A       26%         3
 Summon Guardian Golem    Hex/Summ       7%         N/A       26%         3
 Olgreb's Toxic Radiance  Pois           7%         N/A       63%         4
 Spellforged Servitor     Conj/Summ      18%        N/A       99%         7
 Ozocubu's Refrigeration  Ice            3%         4d8       100%        7
 Borgnjor's Revivificati  Necr           3%         N/A       100%        8
 Necromutation            Tmut/Necr      3%         N/A       100%        8
 Death's Door             Necr           3%         N/A       100%        9


Dungeon Overview and Level Annotations

Branches:
Dungeon (9/15)             Temple (1/1) D:6            Lair (2/5) D:8
  Swamp: Lair:2-3    Shoals: Lair:2-3     Snake: Lair:2-3    Spider: Lair:2-3
    Orc: D:9-12

Altars:
Ashenzari
Cheibriados
Dithmenos
Gozag
Kikubaaqudgha
Makhleb
Nemelex Xobeh
Qazlal
Ru
Sif Muna
Uskayaw
Wu Jian
Xom
Yredelemnul
Lugonu

Shops:
D:7 [

Annotations:
D:7 1 runed translucent door, Crazy Yiuf


Innate Abilities, Weirdness & Mutations

You are a tree.
Your roots penetrate the ground, keeping you stationary.
You cannot be teleported.
You are immune to unholy pain and torment.
Your maximum health is greatly increased.
Your equipment is partially melded.
((You have claws for hands.))
((You are partially covered in icy blue scales. (AC +2)))
You sometimes emit foul miasma when damaged in melee.
((You have a pair of small antennae on your head.))


Message History

Press: ? - help, v - describe, . - travel, g - get item
Here: an eight-headed hydra (foul pestilence, umbra)
Items here: a water moccasin corpse; a blink frog corpse.
The floor.
Okay, then.
You feel better.
Unknown command.
Aiming: Charm
Press: ? - help, Shift-Dir - straight line, f - blink frog, p - blink frog
Aim: a blink frog (almost dead, umbra, chance to affect: 46%)
Okay, then.
Unknown command.
Press: ? - help, v - describe, . - travel, g - get item
Here: an eight-headed hydra (foul pestilence, umbra)
Items here: a water moccasin corpse; a blink frog corpse.
The floor.
Unknown command.
You closely miss the blink frog.
The blink frog is almost dead.
The eight-headed hydra is engulfed in dark miasma.
The eight-headed hydra bites you!
* * * LOW HITPOINT WARNING * * *
The eight-headed hydra bites you but does no damage. x2
The eight-headed hydra bites you.
* * * LOW HITPOINT WARNING * * *
The eight-headed hydra bites you.
* * * LOW HITPOINT WARNING * * *
The eight-headed hydra bites you but does no damage. x3
The blink frog hits you!
* * * LOW HITPOINT WARNING * * *
As you read the scroll labelled RYKLIN BAAXKY, it crumbles to dust.
It is a scroll of enchant armour.
Your +0 leather armour of fire resistance glows green for a moment.
The blink frog hits you but does no damage.
The eight-headed hydra is engulfed in dark miasma.
The eight-headed hydra bites you.
* * * LOW HITPOINT WARNING * * *
The eight-headed hydra bites you but does no damage.
The eight-headed hydra bites you.
You die...

###########..... ..
#≈#≈§###≈#..#... .###
#.......§#.##... .##...#
#......[#####...
#......##..#≈#≈≈§##.....
#.......≈..#########P... +
.......##.§≈#≈#≈#≈####.. .#.
......F##..........##... ..#.
..k...F♣≈..........##...
.k.....##.###D≈≈#.≈#.≈≈####..
......########.#####..#####..
...........l{................
.............................
#............................
P......S.....................
.................##..##.####.
.....[.....##....###...## #


You could see an eight-headed hydra, a lindwurm and 2 blink frogs.

Vanquished Creatures
  Harold (Lair:1)
  2 two-headed ogres
  Pikel (D:6)
  3 black mambas (Lair:1)
  4 cane toads
  Maggie (D:8)
  A kobold demonologist (D:9)
  2 komodo dragons
  A polar bear (Lair:2)
  A hornet (D:9)
  A blink frog (Lair:2)
  3 wyverns
  A vampire (D:9)
  3 yaks
  A basilisk (Lair:2)
  A steam dragon (D:8)
  Menkaure (D:6)
  4 water moccasins
  An acid dragon (D:9)
  5 ice beasts
  An orc warrior (D:8)
  A sky beast (D:4)
  A black bear (D:8)
  A wolf (D:8)
  4 centaurs
  3 lemures (D:6)
  3 phantoms (D:5)
  Blork the orc (D:4)
  9 bullfrogs
  A scorpion (D:6)
  4 gnoll sergeants
  11 killer bees
  3 howler monkeys
  5 hounds
  6 orc priests
  An iron imp (D:5)
  2 jellies
  A sleepcap (D:7)
  A gnoll bouda (D:6)
  3 iguanas (D:6)
  9 orc wizards
  9 adders
  12 gnolls
  2 shadow imps (D:6)
  2 white imps
  6 worms
  4 dart slugs
  27 orcs
  9 endoplasms
  5 giant cockroaches
  9 goblins
  8 hobgoblins
  8 jackals
  3 quokkas
  10 ball pythons
  7 bats
  6 frilled lizards
  11 kobolds
  7 rats
254 creatures vanquished.

Vanquished Creatures (collateral kills)
  2 orc wizards (D:7)
  3 orcs (D:6)
  A foxfire (D:8)
6 creatures vanquished.

Vanquished Creatures (others)
  828 foxfires
  44 fungi
  61 plants
933 creatures vanquished.

Grand Total: 1193 creatures vanquished

Notes
Turn   | Place    | Note
-------+----------+-------------------------------------------
     0 | D:1      | Lavandula the Demonspawn Fire Elementalist began the quest
                  | for the Orb.
     0 | D:1      | Reached XP level 1. HP: 13/13 MP: 3/3
   133 | D:1      | Gained mutation: You have sharp fingernails. [demonic
                  | ancestry]
   133 | D:1      | Reached XP level 2. HP: 12/19 MP: 0/5
   425 | D:1      | Learned a level 2 spell: Scorch
   632 | D:1      | Gained mutation: You have very sharp fingernails. [demonic
                  | ancestry]
   632 | D:1      | Reached XP level 3. HP: 20/24 MP: 2/6
  1186 | D:1      | Learned a level 3 spell: Inner Flame
  1505 | D:2      | Gained mutation: You may rarely emit foul miasma when
                  | damaged in melee. [demonic ancestry]
  1505 | D:2      | Reached XP level 4. HP: 30/30 MP: 1/7
  1980 | D:2      | Reached skill level 2 in Conjurations
  2693 | D:3      | Reached XP level 5. HP: 35/35 MP: 0/8
  2829 | D:3      | Found a faded altar of an unknown god.
  2878 | D:3      | Reached skill level 3 in Conjurations
  3932 | D:4      | Reached skill level 1 in Fighting
  4127 | D:4      | Noticed Blork the orc
  4141 | D:4      | Gained mutation: You have a pair of small antennae on your
                  | head. [potion of mutation]
  4148 | D:4      | Killed Blork the orc
  4149 | D:4      | Reached skill level 1 in Long Blades
  4149 | D:4      | Reached XP level 6. HP: 14/43 MP: 7/9
  4244 | D:4      | Noticed a sky beast
  4251 | D:4      | Killed a sky beast
  4806 | D:4      | Found an opulent altar of Gozag.
  4930 | D:5      | Entered Level 5 of the Dungeon
  5050 | D:5      | Gained mutation: You sometimes emit foul miasma when
                  | damaged in melee. [demonic ancestry]
  5050 | D:5      | Reached XP level 7. HP: 38/48 MP: 0/10
  5055 | D:5      | Learned a level 4 spell: Flame Wave
  5275 | D:5      | Noticed a two-headed ogre
  5441 | D:5      | Killed a two-headed ogre
  5442 | D:5      | Gained mutation: You are partially covered in icy blue
                  | scales. (AC +2) [demonic ancestry]
  5442 | D:5      | Reached XP level 8. HP: 23/54 MP: 3/17
  5550 | D:4      | Learned a level 3 spell: Kindle Blastsparks
  5554 | D:5      | Found a snail-covered altar of Cheibriados.
  5558 | D:5      | Reached skill level 1 in Evocations
  5928 | D:5      | Reached skill level 5 in Evocations
  6243 | D:6      | Noticed Menkaure
  6249 | D:6      | Killed Menkaure
  6347 | D:6      | Found a staircase to the Ecumenical Temple.
  6363 | Temple   | Entered the Ecumenical Temple
  6379 | Temple   | Became a worshipper of Dithmenos the Shadowed
  6403 | D:6      | Reached XP level 9. HP: 56/59 MP: 13/18
  6441 | D:6      | Found a stormy altar of Qazlal.
  6521 | D:6      | Found a burning altar of Makhleb.
  6625 | D:6      | Noticed Pikel
  6635 | D:6      | Killed Pikel
  6636 | D:6      | Reached skill level 5 in Conjurations
  6974 | D:6      | Reached skill level 6 in Conjurations
  7094 | D:6      | Identified the +4 ring mail of Vampiric Thralls {rCorr}
  7581 | D:7      | Found Luruddof's Armour Boutique.
  7586 | D:7      | Bought a +2 pair of boots for 231 gold pieces
  7652 | D:7      | Reached skill level 7 in Conjurations
  7665 | D:7      | Reached * piety under Dithmenos
  7841 | D:7      | Reached skill level 8 in Conjurations
  8199 | D:7      | Found a hide-covered altar of Uskayaw.
  8577 | D:7      | Found a runed translucent door.
  8578 | D:7      | Noticed Crazy Yiuf
  8619 | D:8      | Found a sacrificial altar of Ru.
  8619 | D:8      | Found a shimmering altar of Xom.
  8619 | D:8      | Found an ornate altar of the Wu Jian Council.
  8619 | D:8      | Found a basalt altar of Yredelemnul.
  8621 | D:8      | Noticed Maggie
  8640 | D:8      | Reached skill level 9 in Conjurations
  8662 | D:7      | Gained mutation: You have claws for hands. [demonic
                  | ancestry]
  8662 | D:7      | Reached XP level 10. HP: 64/66 MP: 1/19
  8800 | D:8      | Killed Maggie
  8937 | D:8      | Reached skill level 10 in Conjurations
  9340 | D:8      | Noticed Joseph
  9464 | D:8      | Found a sparkling altar of Nemelex Xobeh.
  9493 | D:8      | Found a broken altar of Ashenzari.
  9539 | D:8      | Found a staircase to the Lair.
  9563 | D:8      | Reached skill level 11 in Conjurations
  9734 | D:8      | Joseph changed into Joseph the wolf
  9734 | D:8      | Noticed Joseph
  9738 | D:8      | Killed Joseph the wolf
  9819 | D:8      | Reached ** piety under Dithmenos
 10085 | D:9      | Noticed a two-headed ogre
 10102 | D:9      | Killed a two-headed ogre
 10103 | D:9      | Reached skill level 12 in Conjurations
 10672 | D:9      | Learned a level 7 spell: Orb of Destruction
 10718 | D:9      | Reached XP level 11. HP: 43/64 MP: 10/20
 10929 | Lair:1   | Entered Level 1 of the Lair of Beasts
 10995 | Lair:1   | Reached skill level 13 in Conjurations
 11585 | Lair:1   | Noticed Harold
 11602 | Lair:1   | Killed Harold
 12167 | Lair:2   | Noticed a skyshark
 12533 | Lair:2   | Noticed a lindwurm
 12551 | Lair:2   | Reached skill level 1 in Polearms
 12583 | Lair:2   | Noticed an eight-headed hydra
 12587 | Lair:2   | HP: 2/112 [blink frog (8)]
 12588 | Lair:2   | Slain by an eight-headed hydra

Illustrated notes

Levels and vault maps discovered:
D:1:      dpeg_arrival_more_subterranean_lakeside_camping, layout_loops_ring
D:2:      layout_loops_ring, kennysheep_generic_room_9
D:3:      layout_basic, shapermc_ecumenical_altar_totnotflames,
          minmay_surrounded
D:4:      layout_basic, grunt_gozag_statues, uniq_blork_the_orc
D:5:      layout_cave_pools, slow_altar_1, minivault_25, minmay_manual_mess
D:6:      layout_loops_ring, lemuel_crystal_altar,
          nicolae_qazlal_eye_of_the_storm, minmay_temple_entry_arrows,
          minmay_misc_feat_enclosed, uniq_pikel, uniq_menkaure
D:7:      layout_rooms, elyvilon_altar_5, general_overflow_altar, serial_shops,
          nicolae_diamond_shop, minivault_23, uniq_crazy_yiuf_cottage
D:8:      layout_rooms, mainiacjoe_overflow_cross_hatched,
          chequers_temple_overflow_statue_of_worship, kennysheep_mini_moat,
          due_lair_maze_entry_diamond, uniq_joseph, uniq_maggie
D:9:      layout_long_grid, nzn_hepliaklqana_mist_gate, minmay_fractal_squares_5
Temple:   corrupted_temple
Lair:1:   layout_hall_layers, uniq_harold
Lair:2:   layout_regular_city, st_stairs_6, nicolae_lair_lindhole,
          grunt_megastairs_3

Skill      XL: |  1  2  3  4  5  6  7  8  9 10 11 |
---------------+----------------------------------+-----
Fire Magic     | 3 4 |  4.5
Conjurations   | 2 3 9 12 13 | 13.8
Fighting       | 1 3 |  3.0
Long Blades    | 1 4 |  4.0
Spellcasting   | 6 7 |  7.4
Evocations     | 5 |  5.7
Polearms       | 2 |  2.4
Maces & Flails | |  0.8
Dodging        | |  1.7
Stealth        | |  1.7

Action                     |  1- 3 |  4- 6 |  7- 9 | 10-12 || total
---------------------------+-------+-------+-------+-------++-------
  Melee: Unarmed           |    18 |       |       |       ||    18
         Whip              |    57 |    60 |       |       ||   117
         Staff             |       |     9 |       |       ||     9
         Falchion          |       |    36 |    68 |     7 ||   111
         Punch             |       |     1 |       |     1 ||     2
         Spear             |       |       |       |    60 ||    60
   Cast: Foxfire           |    57 |    90 |   116 |   203 ||   466
         Scorch            |     2 |    24 |    44 |    32 ||   102
         Inner Flame       |       |       |     1 |     2 ||     3
         Flame Wave        |       |       |     5 |     1 ||     6
         Kindle Blastspark |       |       |       |     1 ||     1
         Orb of Destructio |       |       |       |     8 ||     8
  Evoke: Wand              |       |       |    11 |     9 ||    20
    Use: Potion            |       |     7 |     2 |     4 ||    13
         Scroll            |       |       |       |     9 ||     9
   Stab: Sleeping          |       |     1 |       |       ||     1
 Armour: Leather armour    |    34 |    28 |       |       ||    62
         Robe              |       |    11 |    41 |    33 ||    85
         Skin              |       |       |       |    29 ||    29
  Dodge: Dodged            |    64 |    96 |    91 |    68 ||   319

Table legend: (Time is in decaauts)
 A = Elapsed time spent in this place.
 B = Non-inter-level travel time spent in this place.
 C = Inter-level travel time spent in this place.
 D = Time resting spent in this place.
 E = Time spent auto-exploring this place.
 F = Levels seen in this place.
 G = Mean time per level.
                   A        B        C        D        E       F      G
               +--------+--------+--------+--------+--------+-----+--------+
         Total |  12630 |  12052 |    578 |   2825 |   6716 |  12 | 1052.5 |
       Dungeon |  10939 |  10457 |    482 |   2389 |   5899 |   9 | 1215.4 |
        Temple |     31 |     16 |     15 |      0 |      5 |   1 |   31.0 |
          Lair |   1659 |   1579 |     80 |    436 |    812 |   2 |  829.5 |
               +--------+--------+--------+--------+--------+-----+--------+

Top non-repeatable levels by time:
     D:6: 1587 daAuts
     D:3: 1485 daAuts
     D:4: 1296 daAuts
  Lair:1: 1287 daAuts
     D:2: 1274 daAuts
     D:1: 1245 daAuts
     D:7: 1222 daAuts
     D:9: 982 daAuts
     D:5: 927 daAuts
     D:8: 917 daAuts
  Lair:2: 371 daAuts
  Temple: 31 daAuts
